 Dungeon Crawl Stone Soup version 0.22.1-2-g9c5b331383 (webtiles) character file.

74225 Peloso the Peltast (level 15, -4/134 HPs)
             Began as a Minotaur Fighter on Jan 3, 2019.
             Was the Champion of Okawaru.
             Slain by a sixfirhy (7 damage)
             ... summoned by an orc high priest
             ... on level 2 of the Orcish Mines.
             The game lasted 01:02:17 (25360 turns).

Peloso the Peltast (Minotaur Fighter)              Turns: 25360, Time: 01:02:18

Health: -4/134     AC: 20    Str: 25    XL:     15   Next: 6%
Magic:  15/15      EV: 10    Int:  5    God:    Okawaru [******]
Gold:   1815       SH: 20    Dex: 12    Spells: 14/14 levels left

rFire    + . .     SeeInvis .   b - +5 demon blade (elec)
rCold    + . .     Gourm    .   c - +0 shield
rNeg     + . .     Faith    .   C - +0 plate armour
rPois    .         Spirit   .   Q - +1 hat {MR+}
rElec    .         Reflect  +   N - scarf {rC+ rF+}
rCorr    .         Harm     .   R - +0 pair of gloves
MR       ++...                  y - +0 pair of boots
Stlth    ..........             E - +5 amulet of reflection
HPRegen  0.32/turn              K - ring of positive energy
MPRegen  0.14/turn              (no ring)

@: studying Long Blades
A: retaliatory headbutt, horns 2
a: Heroism, Finesse, Renounce Religion


You were on level 2 of the Orcish Mines.
You worshipped Okawaru.
Okawaru was exalted by your worship.
You were very hungry.

You visited 4 branches of the dungeon, and saw 22 of its levels.

You collected 1920 gold pieces.
You spent 105 gold pieces at shops.

Inventory:

Hand Weapons
 a - a +0 double sword of holy wrath
 b - a +5 demon blade of electrocution (weapon)
 d - a +2 whip of flaming
 p - the +6 longbow of the Assorted Demons {flame, Dex+2, unknown}
   (Okawaru gifted it to you on level 6 of the Lair of Beasts)

   It causes projectiles fired from it to burn those they strike, causing extra
   injury to most foes and up to half again as much damage against particularly
   susceptible opponents.
   It affects your dexterity (+2).
 D - the +6 scimitar of the Lumpy Deaths {elec, -Tele rC+ Str+4 Int+7}
   (Okawaru gifted it to you on level 1 of the Orcish Mines)

   Occasionally, upon striking a foe, it will discharge some electrical energy
   and cause terrible harm.
   It affects your strength (+4).
   It affects your intelligence (+7).
   It protects you from cold.
   It prevents most forms of teleportation.
Armour
 c - a +0 shield (worn)
 y - a +0 pair of boots (worn)
 C - a +0 plate armour (worn)
 N - a scarf of resistance (worn)
 Q - a +1 hat of magic resistance (worn)
 R - a +0 pair of gloves (worn)
Jewellery
 o - an uncursed ring of resist corrosion
 r - an uncursed ring of see invisible
 B - an uncursed ring of protection from magic {unknown}
 E - a +5 amulet of reflection (around neck)
 F - an uncursed ring of magical power
 K - a ring of positive energy (left hand)
 Y - an uncursed ring of ice
Wands
 i - a wand of paralysis (10)
 n - a wand of acid (5)
 t - a wand of digging (14)
Scrolls
 e - 2 scrolls of amnesia
 h - a scroll of enchant armour
 j - 4 scrolls of teleportation
 k - 3 scrolls of blinking
 m - a scroll of fear
 q - 3 scrolls of identify
 s - 10 scrolls of remove curse
 v - 2 scrolls of noise
 z - 3 scrolls of magic mapping
 O - a scroll of silence
Potions
 g - 2 potions of agility
 l - a potion of berserk rage
 u - 7 potions of curing
 w - 3 potions of flight
 A - a potion of brilliance
 G - a potion of haste
 X - a potion of might
Books
 x - a manual of Long Blades
Comestibles
 f - 49 rations


   Skills:
 + Level 12.9 Fighting
 + Level 16.1 Long Blades
 + Level 3.0 Maces & Flails
 + Level 14.5 Armour
 + Level 5.2 Dodging
 + Level 1.7 Stealth
 + Level 17.8 Shields
 + Level 1.8 Invocations
 + Level 0.9 Evocations


You had 14 spell levels left.
You didn't know any spells.
Your spell library contained the following spells:

 Spells                   Type           Power        Failure   Level  Hunger
 Magic Dart               Conj           #...         99%         1    ##.....
 Sandblast                Erth           #.....       99%         1    ##.....
 Summon Small Mammal      Summ           #...         99%         1    ##.....
 Call Imp                 Summ           #.......     99%         2    ###....
 Passwall                 Tmut/Erth      #.......     99%         2    ###....
 Searing Ray              Conj           #.....       99%         2    ###....
 Sublimation of Blood     Necr           #.........   99%         2    ###....
 Call Canine Familiar     Summ           #.......     100%        3    ####...
 Dazzling Spray           Conj/Hex       #.....       100%        3    ####...
 Ignite Poison            Fire/Tmut/Pois #.......     100%        3    ####...
 Stone Arrow              Conj/Erth      #.....       100%        3    ####...
 Summon Guardian Golem    Hex/Summ       #.......     100%        3    ####...
 Force Lance              Conj/Tloc      #.......     100%        4    #####..
 Fulminant Prism          Conj/Hex       #.........   100%        4    #####..
 Iskenderun's Mystic Bla  Conj           #.......     100%        4    #####..
 Petrify                  Tmut/Erth      #.......     100%        4    #####..
 Summon Ice Beast         Ice/Summ       #.......     100%        4    #####..
 Summon Lightning Spire   Summ/Air       #.......     100%        4    #####..
 Alistair's Intoxication  Tmut/Pois      #.......     100%        5    ######.
 Irradiate                Conj/Tmut      #.........   100%        5    ######.
 Lee's Rapid Deconstruct  Erth           #.........   100%        5    ######.
 Hydra Form               Tmut           #.........   100%        6    #######
 Statue Form              Tmut/Erth      #........    100%        6    #######
 Dragon Form              Tmut           #.........   100%        7    #######


Dungeon Overview and Level Annotations

Branches:
Dungeon (13/15)            Temple (1/1) D:6            Lair (6/6) D:11
 Shoals (0/4) Lair:3       Spider (0/4) Lair:2        Slime (0/5) Lair:5
    Orc (2/2) D:11            Elf (0/3) Orc:2
 Vaults: D:13-14

Altars:
Ashenzari
Cheibriados
Dithmenos
Elyvilon
Fedhas
Gozag
Hepliaklqana
Kikubaaqudgha
Makhleb
Nemelex Xobeh
Okawaru
Qazlal
Ru
Sif Muna
Trog
Uskayaw
Vehumet
Wu Jian
Xom
Yredelemnul
Zin
The Shining One
Beogh
Jiyva

Shops:
D:12 *   Orc:2 :

Annotations:
D:6 1 runed door
D:10 3 runed doors, doomsgape's ghost, journeyman TrMo


Innate Abilities, Weirdness & Mutations

You reflexively headbutt those who attack you in melee.
You have a pair of horns on your head.


Message History

The sixfirhy hits you but does no damage.
You block the sixfirhy's attack. The sixfirhy closely misses you.
You furiously retaliate!
You headbutt the sixfirhy!
The orc high priest no longer looks unusually strong.
The orc high priest mumbles some strange prayers to Beogh against you.
Beogh smites you!
* * * LOW HITPOINT WARNING * * *
You block the sixfirhy's attack. The sixfirhy completely misses you.
You furiously retaliate!
You headbutt the sixfirhy. You block the sixfirhy's attack.
The orc barely misses you.
The sixfirhy hits you but does no damage.
The sixfirhy hits you but does no damage. x2
You block the sixfirhy's attack.
The sixfirhy hits you but does no damage.
You block the sixfirhy's attack. x3; The sixfirhy hits you!
* * * LOW HITPOINT WARNING * * *
The sixfirhy shocks you!
* * * LOW HITPOINT WARNING * * *
You block the sixfirhy's attack. x2; The sixfirhy hits you!
You die...

..))<[###............##
...)[[[#.#..<........##
.#....[[..............#
.##..................##
.#.............o....##
.^#...........##3...#
..##...............##
.##.....#.......3.##
.#.....#####...#@..##
..#..#####.##.......##
...#####.............#
..#.###.......##.##.##
.#...#.#.##..###.#..##
........##...##......#
.......####..##..#..##
........#........####
............<....###


You could see 2 sixfirhies and an orc.

Vanquished Creatures
  An orc warlord (Orc:1)
  Fannar (Lair:5)
  A catoblepas (Lair:6)
  4 hydras
  4 two-headed ogres
  3 centaur warriors (D:13)
  An orc high priest (Orc:2)
  13 death yaks
  Urug (D:10)
  A skeletal warrior (D:12)
  2 unseen horrors (D:13)
  3 orc knights (Orc:2)
  Pikel (D:3)
  3 orc sorcerers
  3 manticores
  A deep elf mage (D:9)
  A cyclops (D:12)
  2 ugly things
  A wolf spider (Lair:2)
  8 elephants
  The ghost of Skull the Geomancer, a novice GrEE (D:6)
  A water nymph (shapeshifter) (D:10)
  7 black mambas
  13 spiny frogs
  3 centaur skeletons
  A torpor snail (Lair:6)
  A gargoyle (D:10)
  A rime drake (Lair:5)
  5 komodo dragons (Lair:5)
  A meliai (shapeshifter) (D:13)
  6 trolls
  9 polar bears (Lair:6)
  A raiju (Lair:6)
  3 slime creatures (D:12)
  20 blink frogs
  A snapping turtle (Lair:3)
  3 dream sheep (Lair:6)
  6 hippogriffs
  5 wyverns
  A redback (Lair:2)
  2 vampires
  A shadow (D:12)
  2 wraiths
  30 yaks
  2 humans (D:7)
  3 basilisks
  8 wargs
  Menkaure (D:6)
  2 acid dragons (D:12)
  14 water moccasins
  14 hell hounds (Lair:6)
  3 porcupines
  12 black bears
  3 ice beasts
  2 phantoms
  19 orc warriors
  11 ogres
  3 sky beasts
  9 centaurs
  25 wolves
  10 crocodiles
  5 big kobolds
  12 bullfrogs
  3 wyvern zombies
  5 scorpions
  9 killer bees (D:12)
  12 wights
  5 howler monkeys
  An electric eel (Lair:3)
  8 crimson imps
  5 centaur zombies
  11 hounds
  4 jellies
  A quasit (D:10)
  12 orc priests
  A bullfrog skeleton (D:10)
  20 orc wizards
  4 iguanas
  Natasha (twice) (D:3)
  10 worker ants
  A hound zombie (D:6)
  2 hound skeletons
  4 worker ant zombies
  3 gnolls (D:3)
  A river rat (D:6)
  18 adders
  3 shadow imps
  3 oozes
  An adder zombie (D:3)
  An adder skeleton (D:3)
  2 worms
  4 dart slugs
  A leopard gecko (D:4)
  56 orcs
  3 bats
  3 giant cockroaches (D:6)
  6 goblins
  3 hobgoblins
  6 jackals
  28 kobolds
  3 quokkas
  4 frilled lizards
  2 jackal zombies (D:3)
  2 leopard gecko skeletons
  A quokka skeleton (D:9)
  A quokka zombie (D:9)
  7 rats
  A fungus (Lair:1)
  A plant (Lair:1)
621 creatures vanquished.

Vanquished Creatures (others)
  A centaur warrior (D:13)
  A cyclops (D:13)
  A centaur (D:10)
  Natasha (D:3)
  2 adders (D:4)
  An orc (D:12)
  3 fungi (Lair:3)
  14 plants
24 creatures vanquished.

Grand Total: 645 creatures vanquished

Notes
Turn   | Place    | Note
-------+----------+-------------------------------------------
     0 | D:1      | Peloso the Minotaur Fighter began the quest for the Orb.
     0 | D:1      | Reached XP level 1. HP: 19/19 MP: 0/0
   121 | D:1      | Reached skill level 4 in Shields
   143 | D:1      | Reached XP level 2. HP: 17/27 MP: 1/1
   572 | D:2      | Found a faded altar of an unknown god.
   767 | D:2      | Found a bloodstained altar of Trog.
   861 | D:2      | Reached XP level 3. HP: 33/33 MP: 2/2
  1206 | D:3      | Noticed Natasha
  1211 | D:3      | Killed Natasha
  1211 | D:3      | Reached XP level 4. HP: 26/40 MP: 3/3
  1289 | D:3      | Reached skill level 1 in Dodging
  1423 | D:3      | Reached XP level 5. HP: 38/46 MP: 4/4
  1631 | D:3      | Noticed Natasha
  1638 | D:3      | Killed Natasha
  1638 | D:3      | Reached skill level 5 in Shields
  1849 | D:4      | Noticed a slave
  1851 | D:4      | Noticed a slave
  1852 | D:4      | Noticed a slave
  1852 | D:4      | Noticed Pikel
  1853 | D:4      | Noticed a slave
  2168 | D:3      | Killed Pikel
  2168 | D:3      | Reached skill level 5 in Long Blades
  2168 | D:3      | Reached skill level 5 in Armour
  2168 | D:3      | Reached XP level 6. HP: 15/55 MP: 5/5
  2168 | D:3      | Reached XP level 7. HP: 17/60 MP: 6/6
  2287 | D:3      | Killed Natasha
  2483 | D:4      | Reached skill level 5 in Fighting
  2483 | D:4      | Reached skill level 6 in Shields
  2510 | D:4      | Found a radiant altar of Vehumet.
  2751 | D:4      | Found a white marble altar of Elyvilon.
  2770 | D:5      | Entered Level 5 of the Dungeon
  3051 | D:5      | Reached XP level 8. HP: 58/68 MP: 7/7
  3769 | D:6      | Found a burning altar of Makhleb.
  4091 | D:6      | Found a staircase to the Ecumenical Temple.
  4098 | Temple   | Entered the Ecumenical Temple
  4215 | D:6      | Noticed Menkaure
  4227 | D:6      | Killed Menkaure
  4320 | D:6      | Found a runed door.
  4328 | D:6      | Noticed Skull's ghost (novice GrEE)
  4338 | D:6      | Found a blossoming altar of Fedhas.
  4341 | D:6      | Found an ancient bone altar of Kikubaaqudgha.
  4679 | D:6      | Found a runed door.
  4749 | D:6      | Found a snail-covered altar of Cheibriados.
  4788 | D:6      | Found a shimmering altar of Xom.
  5238 | D:7      | Reached skill level 7 in Shields
  5238 | D:7      | Reached XP level 9. HP: 73/75 MP: 8/8
  5528 | D:7      | Found an iron altar of Okawaru.
  5550 | D:7      | Reached skill level 1 in Stealth
  5588 | D:7      | Became a worshipper of Warmaster Okawaru
  6054 | D:8      | Noticed a two-headed ogre
  6072 | D:8      | Killed a two-headed ogre
  6072 | D:8      | Reached * piety under Okawaru
  6072 | D:8      | Reached skill level 10 in Long Blades
  6072 | D:8      | Reached skill level 8 in Shields
  6460 | D:8      | Found a deep blue altar of Sif Muna.
  6485 | D:8      | Reached skill level 9 in Shields
  6512 | D:8      | Reached ** piety under Okawaru
  6931 | D:9      | Reached XP level 10. HP: 84/86 MP: 9/9
  6979 | D:9      | Noticed a deep elf mage
  6997 | D:9      | Killed a deep elf mage
  7008 | D:9      | Reached *** piety under Okawaru
  7332 | D:9      | Noticed a hand axe
  7333 | D:9      | Found a hide-covered altar of Uskayaw.
  7333 | D:9      | Noticed a hand axe
  7477 | D:9      | Found a hazy altar of Hepliaklqana.
  7631 | D:9      | Found an ornate altar of the Wu Jian Council.
  7636 | D:9      | Reached skill level 10 in Armour
  8027 | D:10     | Entered Level 10 of the Dungeon
  8074 | D:10     | Noticed a six-headed hydra
  8074 | D:10     | Noticed a wolf spider
  8075 | D:10     | Noticed a gargoyle
  8123 | D:10     | Noticed Urug
  8138 | D:10     | Reached skill level 10 in Shields
  8262 | D:11     | Noticed a white ugly thing
  8283 | D:11     | Killed a white ugly thing
  8405 | D:11     | Paralysed by a kobold for 2 turns
  8413 | D:11     | Noticed a two-headed ogre
  8427 | D:11     | Killed a two-headed ogre
  8427 | D:11     | Reached **** piety under Okawaru
  8427 | D:11     | Received a gift from Okawaru
  8471 | D:11     | Noticed a sea snake
  8530 | D:11     | Reached XP level 11. HP: 71/94 MP: 10/10
  8583 | D:11     | Reached skill level 11 in Shields
  8924 | D:11     | Found a staircase to the Lair.
  8950 | D:11     | Found a shattered altar of Ashenzari.
  8966 | D:11     | Noticed a sea snake
  9117 | D:11     | Found a staircase to the Orcish Mines.
  9329 | D:12     | Noticed a two-headed ogre
  9342 | D:12     | Killed a two-headed ogre
  9370 | D:12     | Reached ***** piety under Okawaru
  9469 | D:12     | Noticed a two-headed ogre
  9479 | D:12     | Found Kaypneh's General Store.
  9491 | D:12     | Killed a two-headed ogre
  9504 | D:12     | Bought a scroll of magic mapping for 49 gold pieces
  9504 | D:12     | Bought a scroll of noise for 14 gold pieces
  9504 | D:12     | Bought a potion of degeneration for 14 gold pieces
  9504 | D:12     | Bought a cursed amulet of inaccuracy for 28 gold pieces
  9926 | D:12     | Noticed a green ugly thing
  9956 | D:12     | Reached skill level 12 in Shields
  9968 | D:12     | Killed a green ugly thing
 10668 | D:12     | Received a gift from Okawaru
 10975 | Lair:1   | Entered Level 1 of the Lair of Beasts
 11131 | Lair:1   | Reached XP level 12. HP: 105/105 MP: 11/11
 11239 | Lair:1   | Reached skill level 13 in Shields
 12459 | Lair:2   | Found a hole to the Spider Nest.
 13425 | Lair:3   | Found a staircase to the Shoals.
 13462 | Lair:3   | Noticed a five-headed hydra
 13720 | Lair:3   | Received a gift from Okawaru
 13738 | Lair:3   | Noticed Fannar
 14244 | Lair:3   | Reached skill level 1 in Maces & Flails
 14254 | Lair:3   | Noticed a death yak
 14254 | Lair:3   | Noticed a death yak
 14254 | Lair:3   | Noticed a death yak
 14254 | Lair:3   | Noticed a death yak
 14254 | Lair:3   | Noticed a death yak
 14254 | Lair:3   | Noticed a death yak
 14276 | Lair:3   | Killed a death yak
 14276 | Lair:3   | Reached skill level 14 in Shields
 14287 | Lair:3   | Killed a death yak
 14300 | Lair:3   | Killed a death yak
 14300 | Lair:3   | Reached skill level 10 in Fighting
 14309 | Lair:3   | Killed a death yak
 14309 | Lair:3   | Reached skill level 1 in Invocations
 14320 | Lair:3   | Killed a death yak
 14335 | Lair:3   | Killed a death yak
 14672 | Lair:3   | Killed a five-headed hydra
 14710 | Lair:3   | Reached XP level 13. HP: 91/113 MP: 12/12
 16229 | D:10     | Killed Urug
 16400 | D:10     | Reached skill level 15 in Shields
 16539 | D:10     | Found a runed gate.
 16540 | D:10     | Found a runed gate.
 16541 | D:10     | Found a runed gate.
 16541 | D:10     | Noticed doomsgape's ghost (journeyman TrMo)
 16553 | D:10     | Found an ornate altar of the Wu Jian Council.
 16673 | D:10     | Received a gift from Okawaru
 17689 | D:6      | Killed Skull's ghost
 18159 | D:13     | Found Rilehayw's Antique Weapon Shop.
 19053 | Lair:5   | Killed Fannar
 19786 | Lair:5   | Reached skill level 15 in Long Blades
 19786 | Lair:5   | Reached skill level 16 in Shields
 19837 | Lair:5   | Found a runed door.
 19837 | Lair:5   | Found a viscous altar of Jiyva.
 19841 | Lair:5   | Found a staircase to the Slime Pits.
 19873 | Lair:5   | Reached ****** piety under Okawaru
 19873 | Lair:5   | Reached XP level 14. HP: 77/124 MP: 10/13
 20552 | Lair:6   | Entered Level 6 of the Lair of Beasts
 20801 | Lair:5   | Received a gift from Okawaru
 22008 | Lair:6   | Reached skill level 5 in Dodging
 22067 | Lair:6   | Received a gift from Okawaru
 22070 | Lair:6   | Got a twisted longbow {god gift}
 22204 | Lair:6   | Reached skill level 17 in Shields
 23503 | Orc:1    | Entered Level 1 of the Orcish Mines
 23642 | Orc:1    | Received a gift from Okawaru
 23647 | Orc:1    | Got a polished scimitar {god gift}
 23648 | Orc:1    | Identified the +6 scimitar of the Lumpy Deaths {elec, -Tele
                  | rC+ Str+4 Int+7} (Okawaru gifted it to you on level 1 of
                  | the Orcish Mines)
 23858 | Orc:2    | Entered Level 2 of the Orcish Mines
 23859 | Orc:2    | Found Xayteiz's Book Shoppe.
 23888 | Orc:2    | Found a roughly hewn altar of Beogh.
 24295 | Orc:2    | Found a staircase to the Elven Halls.
 24696 | Orc:2    | Noticed an orc warlord
 24732 | Orc:1    | Killed an orc warlord
 24842 | Orc:2    | Reached XP level 15. HP: 121/134 MP: 15/15
 25358 | Orc:2    | HP: 2/134 [sixfirhy[an orc high priest] (12)]
 25360 | Orc:2    | Slain by a sixfirhy

Skill      XL: |  1  2  3  4  5  6  7  8  9 10 11 12 13 14 |
---------------+-------------------------------------------+-----
Shields        | 4 5 6 7 9 10 12 14 16 17 | 17.8
Fighting       | 4 5 7 8 9 10 11 12 | 12.9
Armour         | 4 5 6 8 9 10 11 12 13 14 | 14.5
Long Blades    | 3 5 6 8 10 11 12 13 15 16 | 16.1
Dodging        | 1 2 3 4 5 |  5.2
Stealth        | 1 |  1.7
Maces & Flails | 2 3 |  3.0
Invocations    | 1 |  1.8
Evocations     | |  0.9

Action                   |  1- 3 |  4- 6 |  7- 9 | 10-12 | 13-15 || total
-------------------------+-------+-------+-------+-------+-------++-------
Melee: Long sword        |    81 |    79 |   290 |   779 |   113 ||  1342
       Headbutt          |    10 |    17 |    81 |   245 |   262 ||   615
       Falchion          |       |       |    59 |    59 |       ||   118
       Whip              |       |       |       |   117 |    23 ||   140
       Double sword      |       |       |       |       |   446 ||   446
       Demon blade       |       |       |       |       |   483 ||   483
Invok: Heroism           |       |       |       |    17 |     9 ||    26
Evoke: Wand              |       |       |       |       |    10 ||    10
  Use: Potion            |       |     1 |     1 |     5 |     1 ||     8
       Scroll            |       |       |       |    16 |     9 ||    25
  Eat: Chunk             |       |     4 |    14 |    26 |    28 ||    72
       Ration            |       |       |       |       |     2 ||     2
Armor: Scale mail        |    29 |    36 |    31 |       |       ||    96
       Chain mail        |       |       |    28 |       |       ||    28
       Plate armour      |       |       |    50 |   309 |   394 ||   753
Dodge: Dodged            |    29 |    40 |    82 |   208 |   269 ||   628
Block: Shield            |    39 |    58 |   169 |   903 |  1053 ||  2222
       Reflection        |       |       |       |    24 |    37 ||    61
       Rpst.: Long sword |    10 |     8 |    25 |    50 |     1 ||    94
       Falchion          |       |       |     1 |     4 |       ||     5
       Double sword      |       |       |       |       |    26 ||    26
       Demon blade       |       |       |       |       |    29 ||    29
